 Dungeon Crawl Stone Soup version 0.30-a0-965-g42e074c17a (webtiles) character file.

Game seed: 433936991068267052

1355 IdlyInterested the Cutter (level 8, -3/90 HPs)
             Began as a Demonspawn Gladiator on Mar 30, 2023.
             Killed from afar by an electric eel (9 damage)
             ... with a bolt of electricity
             ... on level 6 of the Dungeon.
             The game lasted 00:20:17 (6549 turns).

IdlyInterested the Cutter (Demonspawn Gladiator)    Turns: 6549, Time: 00:20:17

Health: -3/90      AC: 13    Str: 14    XL:     8   Next: 37%
Magic:  14/14      EV:  7    Int: 10    God:
Gold:   148        SH:  0    Dex: 17    Spells: 15/15 levels left

rFire   . . .      SeeInvis +    C - +3 scimitar
rCold   . . .      Faith    .    (no shield)
rNeg    + . .      Spirit   .    o - +0 plate armour
rPois   .          Reflect  .    e - +1 helmet {SInv}
rElec   .          Rampage  .    (no cloak)
rCorr   .                        h - +0 pair of gloves
Will    .....                    (no boots) Stlth
                                 (no amulet)
HPRegen 0.35/turn                s - ring of positive energy
MPRegen 0.14/turn                (no ring)

@: berserking, very quick
A: hooves 2, sturdy frame 2, demonic magic 2
a: no special abilities


You were on level 6 of the Dungeon.
You visited 2 branches of the dungeon, and saw 7 of its levels.
You also visited: Sewer.

You collected 320 gold pieces.
You spent 172 gold pieces at shops.

Inventory:

Hand Weapons
 a - a +1 long sword
 k - the +4 dagger of Weak Tortfeasance {freeze, Str+3}
   (You found it on level 3 of the Dungeon)

   Str:       It affects your strength (+3).
 p - a +0 dagger of speed
 y - a +0 dagger of venom
 C - a +3 scimitar (weapon)
Missiles
 c - a javelin
 d - 3 throwing nets
 f - 71 stones
 t - 11 poisoned darts (quivered)
 E - a boomerang
Armour
 e - a +1 helmet of see invisible (worn)
 h - a +0 pair of gloves (worn)
 o - a +0 plate armour (worn)
 D - a +2 robe of willpower
Magical Staves
 B - a staff of fire
Jewellery
 s - a ring of positive energy (left hand)
 v - a ring of ice
Wands
 g - a wand of polymorph (8)
Scrolls
 i - 2 scrolls of vulnerability
 w - 3 scrolls of teleportation
Potions
 b - 2 potions of haste {unknown}
 j - a potion of mutation {unknown}
 l - 2 potions of invisibility
 m - 2 potions of brilliance
 q - 3 potions of attraction
 r - a potion of heal wounds
 u - a potion of flight
 x - a potion of curing
 z - 4 potions of cancellation
 A - 2 potions of magic {unknown}


   Skills:
 + Level 4.1 Fighting
 * Level 5.3(6.3) Short Blades
 - Level 5.1(6.2) Long Blades
 - Level 1.7 Throwing
 - Level 1.0 Armour
 - Level 3.0 Dodging
 * Level 1.7 Stealth
 - Level 4.0 Spellcasting
 - Level 1.0 Evocations


You had 15 spell levels left.
You didn't know any spells.
Your spell library contained the following spells:

 Spells                   Type           Power      Damage    Failure   Level
 Ignite Poison            Fire/Tmut/Pois 2%         N/A       100%        3
 Inner Flame              Hex/Fire       2%         N/A       100%        3
 Cause Fear               Hex            1%         N/A       100%        4
 Sticky Flame             Conj/Fire      2%         2d3       100%        4
 Discord                  Hex            1%         N/A       100%        8
 Ignition                 Fire           1%         3d3       100%        8


Dungeon Overview and Level Annotations

Branches:
Dungeon (6/15)             Temple (1/1) D:5           Sewer (visited)

Altars:
Ashenzari
Cheibriados
Dithmenos
Fedhas
Gozag
Sif Muna
Vehumet
Xom
Yredelemnul

Shops:
D:1 *


Innate Abilities, Weirdness & Mutations

You have hoof-like feet.
Your movements are less encumbered by armour. (ER -4)
Spells you cast may paralyse nearby enemies.


Message History

The electric eel shoots out a bolt of lightning at you!
The bolt of electricity hits the electric eel.
The electric eel completely resists.
The bolt of electricity hits you!
The electric eel shoots out a bolt of lightning at you!
The bolt of electricity misses you.
Something shouts, "Scamper home, thou unhinged toot-wallowing pimple!"
A white imp comes into view.
The white imp shouts!
The electric eel shoots out a bolt of lightning at you!
The bolt of electricity hits you.
Found a fluorescent wand.
The electric eel shoots out a bolt of lightning at you!
The bolt of electricity hits you!
You hit the electric eel but do no damage.
You kick the electric eel.
The electric eel is moderately wounded.
You hit the electric eel.
You kick the electric eel, but do no damage.
The electric eel is moderately wounded.
The electric eel shoots out a bolt of lightning at you!
The bolt of electricity hits you! The bolt of electricity misses you.
The electric eel shoots out a bolt of lightning at you!
The bolt of electricity hits you.
The white imp hits the plant.
The plant begins to die.
The white imp freezes the plant.
The electric eel shoots out a bolt of lightning at you!
The bolt of electricity hits you. The bolt of electricity hits you!
* * * LOW HITPOINT WARNING * * *
You feel much better.
The white imp hits the plant.
The white imp freezes the plant.
The electric eel shoots out a bolt of lightning at you!
The bolt of electricity hits you!
* * * LOW HITPOINT WARNING * * *
The bolt of electricity hits you!
* * * LOW HITPOINT WARNING * * *
A red film seems to cover your vision as you go berserk!
You feel yourself moving faster!
You feel mighty!
The white imp hits the plant.
The white imp freezes the plant.
The electric eel shoots out a bolt of lightning at you!
The bolt of electricity hits you!
You die...

......./.....
............
...~P....~.#####
~P.P~P~≈≈≈≈≈≈≈≈≈
P~P≈≈≈≈≈≈≈≈≈≈≈≈≈
≈≈≈≈≈≈≈5~~P≈≈≈#
P~~P~≈PSS~~~####
.~~~P..@~..~~..#
................
......#..##.##.#
####
##.##.#.....#
.... .. #
####..# # ..#..#
#.#..###
#.#....#
#.#.##.#


You could see 2 electric eels and a white imp.

Vanquished Creatures
  A water moccasin (D:5)
  A black bear (D:5)
  2 centaurs (D:6)
  An ogre (D:5)
  A phantom (D:6)
  Blork the orc (D:5)
  A scorpion (D:4)
  A howler monkey (D:5)
  A hound (D:4)
  A jelly (D:6)
  2 orc priests
  A sleepcap (D:6)
  2 iguanas (D:5)
  An orc wizard (D:5)
  Natasha (thrice) (D:2)
  Robin (D:2)
  14 adders
  9 river rats
  4 worms
  21 orcs
  9 endoplasms
  2 giant cockroaches
  13 goblins
  17 hobgoblins
  22 kobolds
  3 quokkas
  11 ball pythons
  9 bats
  6 frilled lizards
  34 rats
195 creatures vanquished.

Notes
Turn   | Place    | Note
-------+----------+-------------------------------------------
     0 | D:1      | IdlyInterested the Demonspawn Gladiator began the quest for
                  | the Orb.
     0 | D:1      | Reached XP level 1. HP: 16/16 MP: 1/1
   113 | D:1      | Reached skill level 1 in Armour
   141 | D:1      | Found Baityefen's Assorted Antiques.
   154 | D:1      | Gained mutation: Your movements are slightly less
                  | encumbered by armour. (ER -2) [demonic ancestry]
   154 | D:1      | Reached XP level 2. HP: 20/22 MP: 2/2
   204 | D:1      | Reached skill level 1 in Evocations
   204 | D:1      | HP: 1/22 [poisoned by a kobold]
   517 | D:1      | Found a faded altar of an unknown god.
   531 | D:1      | Reached skill level 1 in Stealth
   565 | D:1      | Reached XP level 3. HP: 27/27 MP: 3/3
   940 | D:1      | Bought a purple potion for 20 gold pieces
   940 | D:1      | Bought an amethyst potion for 20 gold pieces
   940 | D:1      | Bought a sapphire potion for 20 gold pieces
   940 | D:1      | Bought a silvery potion for 20 gold pieces
   940 | D:1      | Bought a scroll labelled USOYGA QULLANYUF for 23 gold
                  | pieces
  1237 | D:2      | Noticed Robin
  1252 | D:2      | Killed Robin
  1263 | D:2      | Gained mutation: Your movements are less encumbered by
                  | armour. (ER -4) [demonic ancestry]
  1263 | D:2      | Reached XP level 4. HP: 22/33 MP: 4/4
  1447 | D:2      | Noticed Natasha
  1459 | D:2      | Killed Natasha
  1610 | D:2      | Noticed Natasha
  1614 | D:2      | Killed Natasha
  1618 | D:2      | Gained mutation: You have large cloven feet. [demonic
                  | ancestry]
  1618 | D:2      | Reached XP level 5. HP: 31/39 MP: 5/5
  2018 | D:2      | Noticed Natasha
  2027 | D:2      | Killed Natasha
  2109 | D:1      | Bought a scroll labelled PASELU PAMU for 23 gold pieces
  2109 | D:1      | Bought a scroll labelled KIAQIO ROMYTZ for 23 gold pieces
  2275 | D:1      | Bought a scroll labelled PASELU PAMU for 23 gold pieces
  2438 | D:3      | Identified the +4 dagger of Weak Tortfeasance {freeze,
                  | Str+3}
  2828 | D:3      | Reached skill level 5 in Long Blades
  3121 | D:4      | Gained mutation: Spells you cast may paralyse adjacent
                  | enemies. [demonic ancestry]
  3121 | D:4      | Reached XP level 6. HP: 13/47 MP: 6/6
  3418 | D:4      | Reached skill level 1 in Short Blades
  3880 | D:4      | You fall into a shaft and drop 1 floor!
  3880 | D:5      | Entered Level 5 of the Dungeon
  4002 | D:5      | Found a staircase to the Ecumenical Temple.
  4016 | D:5      | Gained mutation: Spells you cast may paralyse nearby
                  | enemies. [demonic ancestry]
  4016 | D:5      | Reached XP level 7. HP: 50/54 MP: 7/7
  4118 | D:5      | Found a glowing drain.
  4130 | Sewer    | Entered a sewer
  4242 | Sewer    | Reached skill level 1 in Spellcasting
  5205 | Temple   | Entered the Ecumenical Temple
  5784 | D:5      | Noticed Blork the orc
  5800 | D:5      | Killed Blork the orc
  5801 | D:5      | Gained mutation: You have hoof-like feet. [demonic
                  | ancestry]
  5801 | D:5      | Reached XP level 8. HP: 17/60 MP: 12/12
  5967 | D:5      | Found a shimmering blue altar of Sif Muna.
  6263 | D:6      | Reached skill level 5 in Short Blades
  6549 | D:6      | Killed from afar by an electric eel

Illustrated notes

Levels and vault maps discovered:
D:1:      nicolae_arrival_washed_ashore, layout_basic, serial_shops, shop,
          basic_ecumenical_altar, minmay_rat_gold_closets
D:2:      layout_basic, kennysheep_another_room, uniq_robin, uniq_natasha
D:3:      kb_forest_paths, layout_basic
D:4:      minmay_angry_zag, layout_loops_corners,
          nicolae_hepliaklqana_hazy_memory
D:5:      layout_loops_corners, tgw_sif, minmay_temple_entry_glass,
          portal_sewer_entry_e
D:6:      layout_basic, mainiacjoe_overflow_alcove_1, kennysheep_vampire_church,
          mainiacjoe_overflow_cross_hatched, chequers_big_river,
          kennysheep_small_circle
Temple:   hellmonk_temple_beads

Skill      XL: |  1  2  3  4  5  6  7  8 |
---------------+-------------------------+-----
Armour         | 1 |  1.0
Long Blades    | 3 4 5 |  5.1
Evocations     | 1 |  1.0
Stealth        | 1 |  1.7
Dodging        | 3 |  3.0
Fighting       | 3 4 |  4.1
Short Blades   | 3 4 5 |  5.3
Spellcasting   | 3 4 |  4.0
Throwing       | |  1.7

Action                     |  1- 3 |  4- 6 |  7- 9 || total
---------------------------+-------+-------+-------++-------
  Melee: Long sword        |   124 |   224 |   181 ||   529
         Punch             |     1 |     1 |     2 ||     4
         Kick              |       |    49 |    67 ||   116
         Scimitar          |       |       |    49 ||    49
  Throw: Stone             |     5 |       |       ||     5
         Javelin           |     1 |       |       ||     1
    Use: Potion            |     1 |     2 |     3 ||     6
         Scroll            |       |    15 |     2 ||    17
   Stab: Sleeping          |     5 |       |       ||     5
 Armour: Leather armour    |    29 |       |       ||    29
         Chain mail        |    77 |    54 |       ||   131
         Plate armour      |       |    81 |   187 ||   268
  Dodge: Dodged            |    95 |    93 |   119 ||   307

Table legend: (Time is in decaauts)
 A = Elapsed time spent in this place.
 B = Non-inter-level travel time spent in this place.
 C = Inter-level travel time spent in this place.
 D = Time resting spent in this place.
 E = Time spent auto-exploring this place.
 F = Levels seen in this place.
 G = Mean time per level.
                   A        B        C        D        E       F      G
               +--------+--------+--------+--------+--------+-----+--------+
         Total |   6671 |   5664 |   1007 |    984 |   2890 |   8 |  833.9 |
       Dungeon |   5736 |   4810 |    926 |    743 |   2587 |   6 |  956.0 |
        Temple |    226 |    145 |     81 |      0 |    134 |   1 |  226.0 |
         Sewer |    708 |    708 |      0 |    241 |    169 |   1 |  708.0 |
               +--------+--------+--------+--------+--------+-----+--------+

Top non-repeatable levels by time:
     D:5: 1486 daAuts
     D:1: 1199 daAuts
     D:2: 1194 daAuts
     D:4: 911 daAuts
     D:3: 725 daAuts
   Sewer: 708 daAuts
  Temple: 226 daAuts
     D:6: 218 daAuts
